 Dungeon Crawl Stone Soup version 0.30.1-11-g7821555f0a (webtiles) character file.

Game seed: 3676037696269476910

7654 Peloso the Carver (level 10, -19/91 HPs)
             Began as a Minotaur Fighter on Dec 19, 2023.
             Was a High Priest of Okawaru.
             Demolished by an ice devil (23 damage)
             ... on level 11 of the Dungeon.
             The game lasted 00:16:23 (8823 turns).

Peloso the Carver (Minotaur Fighter)                Turns: 8823, Time: 00:16:23

Health: -19/91     AC: 10    Str: 22    XL:     10   Next: 99%
Magic:  3/3        EV:  8    Int:  5    God:    Okawaru [*****.]
Gold:   425        SH:  7    Dex: 18    Spells: 9/9 levels left

rFire   + . .        a - +7 long sword of the Extremely Mad {antimagic, rF+}
rCold   . . .        d - +0 buckler
rNeg    + . .        w - +0 plate armour
rPois   .            (helmet restricted)
rElec   .            (no cloak)
rCorr   .            v - +2 pair of gloves
SInv    .            (no boots)
Will    +....        (no amulet) Stlth
                     y - ring "Ciogefoa" {rN+ Will+ Dex+5}
HPRegen 0.35/turn    (no ring)
MPRegen 0.08/turn

%: no passive effects
@: corroded
A: horns 2, retaliatory headbutt
a: Renounce Religion, Heroism, Finesse, Duel


You were on level 11 of the Dungeon.
You worshipped Okawaru.
Okawaru was extremely pleased with you.
You visited 2 branches of the dungeon, and saw 12 of its levels.
You also visited: Sewer.

You collected 635 gold pieces.
You spent 210 gold pieces at shops.

Inventory:

Hand Weapons
 a - the +7 long sword of the Extremely Mad (weapon) {antimagic, rF+}
   (You found it on level 3 of the Dungeon)

   rF:        It protects you from fire.
 b - a +1 dagger of flaming
 c - a +0 long sword
Missiles
 B - 4 throwing nets (quivered)
Armour
 d - a +0 buckler (worn)
 h - a +1 scale mail
 v - a +2 pair of gloves (worn)
 w - a +0 plate armour (worn)
Jewellery
 y - the ring "Ciogefoa" (left hand) {rN+ Will+ Dex+5}
   (You bought it in a shop on level 7 of the Dungeon)

   [ring of willpower]

   Dex:       It affects your dexterity (+5).
   rN:        It protects you from negative energy.
   Will:      It increases your willpower.
 I - a ring of wizardry
Wands
 r - a wand of paralysis (10)
 t - a wand of flame (43)
 C - a wand of quicksilver (13)
Scrolls
 e - 2 scrolls of teleportation
 g - a scroll of identify
 i - a scroll of enchant weapon
 j - a scroll of enchant armour
 q - 2 scrolls of blinking
 s - a scroll of immolation
 u - a scroll of acquirement
 x - 2 scrolls of amnesia
 z - a scroll of poison {unknown}
 A - 2 scrolls of fear {unknown}
 E - a scroll of fog {unknown}
 G - a scroll of magic mapping
 H - a scroll of silence {unknown}
Potions
 f - 3 potions of might
 k - a potion of cancellation
 l - 2 potions of curing
 m - 2 potions of heal wounds
 n - 3 potions of ambrosia
 o - a potion of haste
 p - 2 potions of brilliance
 D - a potion of flight
 F - a potion of mutation


   Skills:
 + Level 9.3 Fighting
 + Level 12.9 Long Blades
 + Level 10.7 Armour
 + Level 3.1 Dodging
 + Level 1.4 Stealth
 + Level 8.2 Shields
 + Level 0.3 Invocations


You had 9 spell levels left.
You didn't know any spells.
Your spell library contained the following spells:

 Spells                   Type           Power      Damage    Failure   Level
 Slow                     Hex            0%         N/A       100%        1
 Cigotuvi's Dreadful Rot  Necr/Pois/Air  0%         N/A       100%        2
 Confusing Touch          Hex            0%         N/A       100%        3
 Vampiric Draining        Necr           0%         2d6       100%        3
 Dispel Undead            Necr           0%         3d6       100%        4
 Leda's Liquefaction      Hex/Erth       0%         N/A       100%        4
 Petrify                  Tmut/Erth      0%         N/A       100%        4
 Lee's Rapid Deconstruct  Erth           0%         3d4*      100%        5
 Metabolic Englaciation   Hex/Ice        0%         N/A       100%        5
 Statue Form              Tmut/Erth      0%         N/A       100%        6
 Death Channel            Necr           Unusable   N/A       N/A         6

Dungeon Overview and Level Annotations

Branches:
Dungeon (11/15)            Temple (1/1) D:5             Orc (0/2) D:9
  Sewer (visited)
   Lair: D:8-11

Altars:
Cheibriados
Dithmenos
Elyvilon
Fedhas
Gozag
Kikubaaqudgha
Makhleb
Nemelex Xobeh
Okawaru
Qazlal
Sif Muna
Uskayaw
Vehumet
Xom
The Shining One

Shops:
D:7 *   D:9 [


Innate Abilities, Weirdness & Mutations

You have a pair of horns on your head.
You reflexively headbutt those who attack you in melee.


Message History

The kobold brigand is almost dead.
The kobold brigand barely misses you.
You slash the kobold brigand!
You kill the kobold brigand!
Okawaru accepts your kill.
Things that are here:
a +0 whip; 3 poisoned darts You see here a +1 dagger of draining.
Things that are here:
a +0 short sword; a kobold corpse An ice devil comes into view.
Things that are here:
a +0 whip; 3 poisoned darts
Found 16 gold pieces.
There is an open door here.
The ice devil hits you but does no damage.
You hit the ice devil but do no damage.
You headbutt the ice devil, but do no damage.
You block the ice devil's attack.
You hit the ice devil but do no damage. You hit the ice devil but do no damage.
You block the ice devil's attack.
You slash the ice devil!
The ice devil is lightly wounded.
A red devil comes into view.
It is wielding a +2 trident of protection.
The ice devil hits you! The ice devil freezes you!!
You barely miss the ice devil.
The ice devil is lightly wounded.
You slash the ice devil!
The ice devil is heavily wounded.
You block the ice devil's attack.
You hit the ice devil.
The ice devil is heavily wounded.
The ice devil hits you!
* * * LOW HITPOINT WARNING * * *
The ice devil freezes you!!
* * * LOW HITPOINT WARNING * * *
The ice devil attacks as you move away! The ice devil hits you.
* * * LOW HITPOINT WARNING * * *
The ice devil freezes you!!
You die...

##### #...#####
#.......#
################.......#
........................
...............)........
..............))........
........................
............4@..........
........4..###'####.....
+#######.†.#.....$#.....
#...#......# ....
#...#......# ...
#...#......# ...
.........#...#......#
#........#...########
#........#.........


You could see an ice devil and a red devil.

Vanquished Creatures
  A two-headed ogre (D:10)
  A rust devil (D:11)
  A smoke demon (D:11)
  A komodo dragon (D:11)
  2 trolls (D:10)
  3 wraiths
  A vampire (D:10)
  9 yaks (D:10)
  2 ice beasts
  2 black bears
  4 orc warriors
  Pargi (Sewer)
  A sky beast (D:8)
  An ogre (D:9)
  2 centaurs
  A phantom (D:6)
  2 kobold brigands
  2 bullfrogs (D:8)
  A gnoll sergeant (D:9)
  4 scorpions
  4 wights (D:8)
  20 killer bees
  2 howler monkeys (D:11)
  A quasit (D:11)
  4 orc priests
  3 hounds
  4 gnoll boudas
  6 orc wizards
  An iguana (D:5)
  21 gnolls
  10 adders
  4 worms
  A dart slug (D:3)
  29 orcs
  2 bats (D:3)
  4 endoplasms
  4 giant cockroaches
  A goblin (D:3)
  4 hobgoblins
  7 jackals
  4 quokkas
  6 ball pythons
  7 frilled lizards
  12 kobolds
  3 rats
206 creatures vanquished.

Notes
Turn   | Place    | Note
-------+----------+-------------------------------------------
     0 | D:1      | Peloso the Minotaur Fighter began the quest for the Orb.
     0 | D:1      | Reached XP level 1. HP: 19/19 MP: 0/0
    11 | D:1      | Found a faded altar of an unknown god.
   117 | D:1      | Reached XP level 2. HP: 27/27 MP: 1/1
   736 | D:2      | Reached XP level 3. HP: 33/33 MP: 2/2
   958 | D:2      | Reached skill level 3 in Long Blades
  1283 | D:3      | Identified the +7 long sword of the Extremely Mad
                  | {antimagic, rF+}
  1311 | D:3      | Found a sparkling altar of Nemelex Xobeh.
  1369 | D:3      | HP: 1/33 [gnoll/+0 whip (4)]
  1371 | D:3      | Reached skill level 1 in Dodging
  1460 | D:3      | Reached XP level 4. HP: 26/40 MP: 1/3
  1520 | D:3      | Found a glowing drain.
  1530 | Sewer    | Entered a sewer
  1585 | Sewer    | Noticed Pargi
  1591 | Sewer    | Killed Pargi
  1592 | Sewer    | Reached skill level 4 in Long Blades
  1592 | Sewer    | Reached XP level 5. HP: 36/47 MP: 1/4
  2029 | D:3      | Reached skill level 5 in Fighting
  2630 | D:4      | Reached skill level 5 in Armour
  2633 | D:4      | Reached XP level 6. HP: 56/56 MP: 1/5
  2656 | D:3      | Reached skill level 5 in Long Blades
  2807 | D:4      | Found a shimmering blue altar of Sif Muna.
  2887 | D:4      | Noticed an air elemental
  3085 | D:4      | Found a blossoming altar of Fedhas.
  3221 | D:4      | Noticed a fire elemental
  3222 | D:4      | Found a stormy altar of Qazlal.
  3224 | D:4      | Noticed a water elemental
  3287 | D:5      | Entered Level 5 of the Dungeon
  3316 | D:5      | Reached skill level 6 in Long Blades
  3316 | D:5      | Reached XP level 7. HP: 52/61 MP: 2/6
  3514 | D:5      | Found a shimmering altar of Xom.
  3611 | D:5      | Found a staircase to the Ecumenical Temple.
  3628 | Temple   | Entered the Ecumenical Temple
  3738 | Temple   | Became a worshipper of Warmaster Okawaru
  3956 | D:5      | Identified a scroll of acquirement
  4151 | D:6      | Reached skill level 7 in Long Blades
  4151 | D:6      | Reached skill level 1 in Stealth
  4343 | D:6      | Reached skill level 5 in Shields
  4620 | D:6      | Reached * piety under Okawaru
  4621 | D:6      | Reached XP level 8. HP: 62/70 MP: 2/7
  4862 | D:6      | Reached skill level 8 in Long Blades
  5092 | D:7      | Found Joamu's Assorted Antiques.
  5209 | D:7      | Bought a flickering bone ring for 150 gold pieces
  5209 | D:7      | Identified the ring "Ciogefoa" {rN+ Will+ Dex+5} (You
                  | bought it in a shop on level 7 of the Dungeon)
  5209 | D:7      | Bought a scroll labelled XIUT QEINKOPS for 30 gold pieces
  5209 | D:7      | Bought a scroll labelled TEOXTI TOEMUTOGU for 30 gold
                  | pieces
  5442 | D:7      | Identified the +3 leather armour "Woottyf" {Harm *Slow rF++
                  | Str+2}
  5752 | D:8      | Found a white marble altar of Elyvilon.
  5986 | D:8      | Reached skill level 9 in Long Blades
  6030 | D:8      | Reached XP level 9. HP: 35/79 MP: 2/8
  6430 | D:8      | Reached ** piety under Okawaru
  7301 | D:9      | Reached skill level 10 in Long Blades
  7580 | D:9      | Reached skill level 11 in Long Blades
  7682 | D:9      | Found a radiant altar of Vehumet.
  7810 | D:9      | Found a snail-covered altar of Cheibriados.
  7866 | D:9      | Reached *** piety under Okawaru
  7870 | D:9      | Found a staircase to the Orcish Mines.
  8004 | D:9      | Found Ratax's Armour Emporium.
  8116 | D:10     | Entered Level 10 of the Dungeon
  8116 | D:10     | Noticed a troll
  8123 | D:10     | Killed a troll
  8124 | D:10     | Reached XP level 10. HP: 68/90 MP: 3/9
  8403 | D:10     | Noticed a two-headed ogre
  8411 | D:10     | Killed a two-headed ogre
  8411 | D:10     | Reached **** piety under Okawaru
  8412 | D:10     | Reached skill level 10 in Armour
  8487 | D:10     | Reached skill level 12 in Long Blades
  8684 | D:10     | Found a hide-covered altar of Uskayaw.
  8763 | D:11     | Reached ***** piety under Okawaru
  8765 | D:11     | Noticed a smoke demon
  8766 | D:11     | Noticed a rust devil
  8776 | D:11     | Killed a smoke demon
  8783 | D:11     | Killed a rust devil
  8823 | D:11     | HP: 4/91 [ice devil (1)]
  8823 | D:11     | Demolished by an ice devil

Illustrated notes

Levels and vault maps discovered:
D:1:      ncdulo_lavacross, layout_rooms, ebering_ecumenical_altar_rust
D:2:      layout_loops_cross, chequers_serial_rivers_large_a
D:3:      layout_basic, old_standard_altar, lightli_sewer_entry_pipes
D:4:      layout_rooms, nicolae_overflow_crystal_walls, kennysheep_mini_moat,
          nicolae_qazlal_style_of_elements, serial_park_tiny_pond,
          saegor_snake_ambush
D:5:      layout_cave_pools, nicolae_overflow_hidden_temple,
          minmay_temple_entry_mist
D:6:      layout_basic, minmay_misc_feat_secret_circle
D:7:      layout_basic, serial_shops, nicolae_shop_overgrown_old_shop
D:8:      layout_layer_cave, elyvilon_altar_3, minivault_19, minmay_liquid_box,
          kennysheep_flooded_box
D:9:      layout_roguey, mainiacjoe_overflow_alcove_2,
          mainiacjoe_overflow_surrounded_room, orc_david_3,
          nicolae_kite_square_tiling_tiny, grunt_ogre_cave,
          chequers_serial_rivers_marsh
D:10:     layout_roguey, mainiacjoe_overflow_chevrons
D:11:     layout_irregular_city, dpeg_lair_monsters, serial_demonic,
          serial_demonic_b, serial_demonic_d, serial_demonic_e,
          serial_demonic_b, hive_lemuel
Temple:   nicolae_temple_figure_eight

Skill      XL: |  1  2  3  4  5  6  7  8  9 10 |
---------------+-------------------------------+-----
Fighting       | 4 5 7 8 9 |  9.3
Shields        | 4 5 6 8 |  8.2
Armour         | 4 5 6 7 9 10 | 10.7
Long Blades    | 3 4 6 7 9 11 12 | 12.9
Dodging        | 1 2 3 |  3.1
Stealth        | 1 |  1.4
Invocations    | |  0.3

Action                     |  1- 3 |  4- 6 |  7- 9 | 10-12 || total
---------------------------+-------+-------+-------+-------++-------
  Melee: Long sword        |    68 |    94 |   274 |   110 ||   546
         Headbutt          |    11 |    18 |    53 |    28 ||   110
 Invoke: Heroism           |       |       |     1 |     2 ||     3
    Use: Potion            |     5 |       |     4 |       ||     9
         Scroll            |     1 |     6 |    11 |       ||    18
 Armour: Scale mail        |    36 |    36 |     9 |       ||    81
         Chain mail        |       |       |    25 |       ||    25
         Plate armour      |       |       |   145 |    57 ||   202
  Dodge: Dodged            |    44 |    47 |   111 |    30 ||   232
  Block: Buckler           |    18 |    25 |    87 |    44 ||   174
